AoeStats
← Kenny

Arena

508751892Analyzed
2v2 RM · 9d ago on Sep 23, 2026· 22m 53s· 4 players
Game mode
Random Map
Map size
Medium (4 player)
Population
200
Speed
Normal
Resources
Standard
Victory
Conquest
Starting age
Dark Age
Ending age
Imperial Age
RankedLock teamsTeams togetherTeam positionsShared explorationLock speedFull tech treeHidden civsTurbo modeCheats
Victory
Defeat
🇦🇷 Mongols · Argentina
1066
+8
🇦🇷 Sicilians · Argentina
922
+12
🇦🇷 Italians · Argentina
869
-10
🇦🇷 Danes · Argentina
868
-10
Sr. Claudio
5:41 Loom
10:22 Feudal Age
15:07 Double-Bit Axe
23:59 Castle Age
joaquinlopezlopez90
11:29 Feudal Age
9:49 Loom
13:21 Double-Bit Axe
13:19 Horse Collar
18:58 Castle Age
20:25 Scale Mail Armor
20:37 Forging
Mushu
11:06 Feudal Age
9:23 Loom
12:48 Double-Bit Axe
15:46 Castle Age
13:38 Horse Collar
15:11 Fletching
15:21 Padded Archer Armor
17:04 Bow Saw
21:01 Ballistics
Kenny
13:55 Feudal Age
12:18 Loom
Connection lost

Rejoining the realm…

Still unreachable

The connection could not be restored.

Session expired

The server has moved on; the page needs a fresh start.